 Dungeon Crawl Stone Soup version 0.16-a0-3474-g346b3f3 (webtiles) character file.

2151 Fiveotanaka the Grappler (level 9, -2/80 HPs)
             Began as a Troll Monk on Jan 6, 2015.
             Was a Priest of Pakellas.
             Slain by an orc warrior
             ... wielding a +2 halberd of venom
              (16 damage)
             ... on level 7 of the Dungeon on Apr 2, 2015.
             The game lasted 00:24:20 (5511 turns).

Fiveotanaka the Grappler (Troll Monk)               Turns: 5511, Time: 00:24:20

Health: -2/80      AC:  8    Str: 21    XL:     9   Next: 10%
Magic:  16/16      EV: 11    Int:  6    God:    Pakellas [***...]
Gold:   413        SH:  0    Dex: 15    Spells: 0 memorised, 8 levels left

rFire  . . .     SeeInvis .       - Unarmed
rCold  . . .     Clarity  .     a - +0 robe
rNeg   . . .     SustAb   .     (shield restricted)
rPois  .         Gourm    +     l - +2 hat
rElec  .         Spirit   .     x - +0 cloak
rCorr  .         Warding  .     (gloves unavailable)
rMut   .         Stasis   .     (boots unavailable)
MR     .....                    o - amulet of faith (curse)
Stlth  ++........               (no ring)
                                I - ring of magical power

@: lethally poisoned, not resistant to hostile enchantments, unstealthy
A: unfitting armour, claws 3, fast metabolism 3, gourmand, regeneration 2,
shaggy fur 1, tough skin 2
a: Minor Device Surge, Quick Charge, Device Surge, Renounce Religion


You were on level 7 of the Dungeon.
You worshipped Pakellas.
Pakellas was most pleased with you.
You were very full.

You visited 2 branches of the dungeon, and saw 8 of its levels.
You also visited: Sewer.

You collected 413 gold pieces.

Inventory:

Hand weapons
 A - a +0 blowgun
Missiles
 e - 180 stones (quivered)
 r - 29 poisoned needles
Armour
 a - a +0 robe (worn)
 l - a +2 hat (worn)
 x - a +0 cloak (worn)
Jewellery
 o - a cursed amulet of faith (around neck)
 I - a ring of magical power (left claw)
Magical devices
 m - a wand of random effects (28)
 t - a wand of frost (13)
 w - a wand of digging (6)
 y - a wand of disintegration (6)
 D - a wand of fire (1)
 K - a wand of slowing (3)
Scrolls
 c - a scroll of fog {unknown}
 d - 3 scrolls of recharging {unknown}
 h - 5 scrolls of identify {unknown}
 i - 2 scrolls of remove curse {unknown}
 q - a scroll of teleportation {unknown}
 C - 2 scrolls of amnesia {unknown}
 E - 2 scrolls of immolation {unknown}
 G - a scroll of noise {unknown}
 H - a scroll of magic mapping {unknown}
 J - a scroll of random uselessness {unknown}
Potions
 f - 4 potions of cancellation {unknown}
 g - 2 potions of restore abilities {unknown}
 j - 3 potions of flight {unknown}
 n - 2 potions of magic {unknown}
 u - 3 potions of curing {unknown}
 v - 3 potions of poison {unknown}
 z - 2 potions of invisibility
 B - 4 potions of heal wounds {unknown}
 F - a potion of mutation {unknown}
Books
 s - a book of the Tempests

   Spells                             Type                      Level
   a - Static Discharge               Conjuration/Air              3
   b - Lightning Bolt                 Conjuration/Air              5
   c - Fireball                       Conjuration/Fire             5
   d - Tornado                        Air                          9
   e - Shatter                        Earth                        9
   Pakellas disapproves of the use of such an item.
Comestibles
 b - 3 meat rations
 k - 6 fruits
 p - 3 bread rations
 L - 2 slices of pizza


   Skills:
 - Level 2.7 Fighting
 + Level 3.9 Dodging
 - Level 1.2 Stealth
 * Level 11.4 Unarmed Combat
 + Level 2.1 Evocations


You had 8 spell levels left.
You didn't know any spells.

Dungeon Overview and Level Annotations

Branches:
Dungeon (7/15)             Temple (1/1) D:6

Altars:
Ashenzari
Cheibriados
Dithmenos
Elyvilon
Fedhas
Gozag
Kikubaaqudgha
Makhleb
Nemelex Xobeh
Okawaru
Pakellas
Qazlal
Ru
Sif Muna
Trog
Vehumet
Xom
Yredelemnul
Zin
The Shining One

Shops:
D:5 (


Innate Abilities, Weirdness & Mutations

You are too large for most types of armour.
You have claws for hands.
Your metabolism is lightning-fast.
You like to eat raw meat.
You heal very quickly.
You are covered in fur (AC +1).
You have very tough skin (AC +2).


Message History

You feel very sick.
The orc wizard gestures wildly while chanting.
You feel a wave of unholy energy pass over you.
You drop a chunk of flesh.
* * * LOW HITPOINT WARNING * * *
You feel very sick.
The orc warrior is no longer bleeding.
The orc warrior barely misses you.
Evoke which item? (* to show all) (? for menu, Esc to quit)
Zapping:
D - a wand of fire {zapped: 2} (will waste charges)
Press: ? - help, Shift-Dir - straight line, f/p - orc warrior
Aim: an orc warrior, wielding a halberd of venom and wearing a chain mail (heavily wounded)
The bolt of fire hits the orc warrior.
The orc warrior is almost dead.
Evoking this partially-identified wand wasted a few charges.
* * * LOW HITPOINT WARNING * * *
You feel very sick.
The orc wizard hits you but does no damage.
The orc wizard barely misses you.
The orc warrior hits you with a halberd of venom!
You die...

. ##......# #.... #......#
#....# ##.....# #....#
##.....# #....# #.....##
#....###....##
#.....##)#### #.....ooO.##
#.....@#...## ####
##......#....###..###
###.).....##.oO....O..###
##..###....##............##
###..##
#...###.............#
#####..### #...#
#.............. ..##..##
#...# #..............
......### #####
#)............. ........###
#..............


You could see an orc warrior, an ogre and an orc wizard.

Vanquished Creatures
  Eustachio (D:4)
  An ice beast (D:6)
  An orc warrior (D:7)
  2 phantoms (D:6)
  4 centaurs
  An ogre (D:4)
  2 giant frogs (D:6)
  A big kobold (Sewer)
  4 scorpions
  3 wights (D:6)
  A crimson imp (D:6)
  A giant frog zombie (D:5)
  A quasit (D:4)
  2 goliath beetles (D:6)
  Crazy Yiuf (D:4)
  2 orc priests (D:7)
  A giant frog skeleton (D:5)
  2 orc wizards
  A hell rat (D:6)
  A worker ant (D:5)
  Ijyb (D:3)
  2 hound skeletons
  Terence (D:2)
  Robin (D:4)
  11 adders
  7 river rats
  A shadow imp (D:7)
  3 giant mites (D:4)
  3 worms
  2 ufetubi (D:4)
  An adder skeleton (D:4)
  2 giant geckos
  14 orcs
  2 ball pythons
  A bat skeleton (D:4)
  4 giant cockroaches
  11 hobgoblins
  7 jackals
  3 quokkas
  10 bats
  2 giant gecko skeletons (D:5)
  A giant gecko zombie (D:6)
  6 giant newts
  17 goblins
  19 kobolds
  32 rats
197 creatures vanquished.

Notes
Turn   | Place    | Note
--------------------------------------------------------------
     0 | D:1      | Fiveotanaka, the Troll Monk, began the quest for the Orb.
     0 | D:1      | Reached XP level 1. HP: 22/22 MP: 1/1
   501 | D:1      | Reached XP level 2. HP: 29/29 MP: 1/1
  1111 | D:2      | Reached XP level 3. HP: 36/36 MP: 2/2
  1230 | D:2      | Found an iron altar of Okawaru.
  1446 | D:2      | Noticed Terence
  1454 | D:2      | Killed Terence
  1454 | D:2      | Reached XP level 4. HP: 15/44 MP: 2/2
  1586 | D:2      | Reached skill level 5 in Unarmed Combat
  1851 | D:3      | Found an ancient bone altar of Kikubaaqudgha.
  1854 | D:3      | Noticed Ijyb
  1868 | D:3      | Killed Ijyb
  1953 | D:3      | Reached XP level 5. HP: 44/50 MP: 2/2
  2141 | D:3      | Found a radiant altar of Vehumet.
  2238 | D:3      | Found a glowing silver altar of Zin.
  2329 | D:4      | Reached skill level 6 in Unarmed Combat
  2430 | D:4      | Noticed Crazy Yiuf
  2434 | D:4      | Killed Crazy Yiuf
  2564 | D:4      | Noticed an ogre
  2567 | D:4      | Noticed Robin
  2567 | D:4      | Killed an ogre
  2567 | D:4      | Reached skill level 7 in Unarmed Combat
  2567 | D:4      | Reached XP level 6. HP: 59/59 MP: 3/3
  2577 | D:4      | Noticed Eustachio
  2620 | D:4      | Killed Robin
  2638 | D:4      | Killed Eustachio
  2686 | D:4      | Reached XP level 7. HP: 66/66 MP: 3/3
  2705 | D:4      | Reached skill level 8 in Unarmed Combat
  2721 | D:4      | Found a glowing drain.
  2725 | Sewer    | Entered a sewer
  2869 | Sewer    | Found a white marble altar of Elyvilon.
  3111 | D:5      | Entered Level 5 of the Dungeon
  3530 | D:5      | Reached skill level 9 in Unarmed Combat
  3705 | D:5      | Found Qoczac's Antique Weapon Shoppe.
  3969 | D:6      | Reached XP level 8. HP: 68/74 MP: 3/3
  3988 | D:6      | Reached skill level 10 in Unarmed Combat
  4310 | D:6      | Found a staircase to the Ecumenical Temple.
  4320 | Temple   | Entered the Ecumenical Temple
  4327 | Temple   | Became a worshipper of Pakellas the Inventive
  4327 | Temple   | Acquired Pakellas' first power
  4327 | Temple   | Acquired Pakellas' second power
  4735 | D:6      | Reached skill level 11 in Unarmed Combat
  4735 | D:6      | Reached skill level 1 in Evocations
  4950 | D:6      | Reached XP level 9. HP: 65/80 MP: 6/6
  4952 | D:6      | Acquired Pakellas' third power
  5511 | D:7      | Slain by an orc warrior

Action                   |  1- 3 |  4- 6 |  7- 9 || total
-------------------------+-------+-------+-------++-------
Melee: Unarmed           |   107 |   148 |   269 ||   524
Evoke: Wand              |       |       |     2 ||     2
 Stab: Sleeping          |     1 |     3 |     3 ||     7
  Eat: Chunk             |    18 |     9 |    28 ||    55
